 Dungeon Crawl Stone Soup version 0.31-a0-574-g69dc8cc98e (webtiles) character file.

Game seed: 12976861622820772684

116 subawu the Grave Robber (level 4, -1/30 HPs)
             Began as a Vampire Necromancer on Aug 18, 2023.
             Was an Initiate of Dithmenos.
             Slain by a gnoll
             ... wielding a +0 flail
              (6 damage)
             ... on level 3 of the Dungeon.
             The game lasted 00:17:58 (2479 turns).

subawu the Grave Robber (Vampire Necromancer)       Turns: 2479, Time: 00:17:58

Health: -1/30      AC:  6    Str:  9    XL:     4   Next: 70%
Magic:  8/8        EV: 12    Int: 17    God:    Dithmenos [......]
Gold:   150        SH:  0    Dex: 14    Spells: 7/8 levels left

rFire   + . .        l - +3 spear (heavy)
rCold   + . .        (no shield)
rNeg    . . .        s - +3 leather armour {Will+}
rPois   .            (no helmet)
rElec   .            p - scarf {rC+ rF+}
rCorr   .            (no gloves)
SInv    +            (no boots)
Will    +....        (no amulet)
Stlth   ++           (no ring)
HPRegen 0.45/turn    (no ring)
MPRegen 0.11/turn

%: no passive effects
@: silenced, healing quickly
A: alive, fangs 3, see invisible, vampiric 2
a: Exsanguinate, Renounce Religion


You were on level 3 of the Dungeon.
You worshipped Dithmenos.
Dithmenos was noncommittal.
You visited 1 branch of the dungeon, and saw 3 of its levels.

You collected 150 gold pieces.

Inventory:

Hand Weapons
 e - a +0 whip
 f - a +0 dagger
 i - a +0 short sword
 l - a +3 heavy spear (weapon)
Missiles
 q - 29 stones
Armour
 a - a +0 robe
 n - a +0 robe
 p - a scarf of resistance (worn)
 s - a +3 leather armour of willpower (worn)
 w - a +0 ring mail
Jewellery
 m - a ring of protection from fire
Scrolls
 d - 3 scrolls of amnesia
 u - a scroll of silence
 v - a scroll of vulnerability {unknown}
Potions
 b - a potion of magic
 c - a potion of lignification {unknown}
 k - a potion of degeneration {unknown}
 r - a potion of invisibility {unknown}
 t - 2 potions of heal wounds {unknown}


   Skills:
 + Level 3.3 Dodging
 + Level 4.7 Stealth
 + Level 2.8 Spellcasting
 + Level 5.0 Necromancy


You had 7 spell levels left.
You knew the following spells:

 Your Spells              Type           Power      Damage    Failure   Level
a - Necrotise             Necr           76%        1d7       3%          1

Your spell library contained the following spells:

 Spells                   Type           Power      Damage    Failure   Level
 Vampiric Draining        Necr           19%        2d7       10%         3
 Slow                     Hex            8%         N/A       26%         1
 Animate Dead             Necr           19%        N/A       30%         4
 Confusing Touch          Hex            2%         N/A       58%         3
 Hailstorm                Conj/Ice       2%         3d3       58%         3
 Agony                    Necr           19%        N/A       65%         5
 Summon Ice Beast         Ice/Summ       2%         N/A       94%         4
 Simulacrum               Ice/Necr       5%         N/A       100%        6


Dungeon Overview and Level Annotations

Branches:
Dungeon (3/15)

Altars:
Dithmenos

Annotations:
D:3 2 transporters, soul19's ghost, amateur DsFi


Innate Abilities, Weirdness & Mutations

Your natural rate of healing is accelerated.
You have razor-sharp teeth.
You have supernaturally acute eyesight. (SInv)
You are afflicted with vampirism and can become a bat while bloodless.


Message History

The gnoll shouts!
Casting: Necrotise (safe; 3% risk of failure)
Confirm with . or Enter, or press ? or * to list all spells.
Aiming: Necrotise (safe; 3% risk of failure)
Press: ? - help, Shift-Dir - straight line, f - gnoll
Aim: a gnoll, wielding a +0 flail and quivering javelins (chance to affect: 84%)
The gnoll writhes in agony.
The adder hisses angrily.
The gnoll hits you with a +0 flail. The gnoll misses you.
As you read the scroll labelled ZOADIA ATHIAR, it crumbles to dust.
It is a scroll of amnesia.
Okay, then.
The gnoll hits you from afar with a +0 spear!
As you read the scroll labelled JAEZEPH FICZA, it crumbles to dust.
It is a scroll of identify.
h - a scroll of blinking The gnoll misses you.
A kobold comes into view.
It is wielding a +0 short sword and quivering poisoned darts.
The gnoll completely misses you.
Blink to where?
Press: ? - help, Dir - move target, p - gnoll
As you read the scroll of blinking, it crumbles to dust.
As you read the scroll labelled HAMMUA IHOSOC, it crumbles to dust.
It is a scroll of enchant armour.
Your +2 leather armour of willpower glows green for a moment.
As you read the scroll labelled BERGHI DULYFETH, it crumbles to dust.
It is a scroll of enchant weapon.
Your +2 heavy spear glows red for a moment.
As you read the scroll labelled XECVO IFOLURU, it crumbles to dust.
A profound silence engulfs you.
It was a scroll of silence.
The gnoll puts on a burst of speed as it pursues you!
The gnoll throws a javelin.
The javelin pierces through you.
The gnoll throws a javelin.
The javelin pierces through you. The gnoll hits you but does no damage.
The gnoll hits you with a +0 flail! The gnoll hits you with a +0 spear.
You barely miss the gnoll. Your bite misses the gnoll.
The gnoll hits you with a +0 flail.
* * * LOW HITPOINT WARNING * * *
The gnoll hits you with a +0 flail.
You die...

## #............r..## .#
#.#########...#...# ##
##.####......#g.##.#
##.............#.# # #
#.......©.....K..## ## #
#...#########.K...##.. #. #
#..##8.....8##r.......
#..#W........#gg.####.
#..#.##...##S#@g.# ... ###
#..#.##...##.#...# #.#.#.##..
#..#....©....#...# #...#.##..
#..#.##...##.#...# ##........
#..#.##Y..##.#...#####....###..
##..#.........#....<....#.......
#...##8.$)$.8##...####.##.##....
#....#########....##...##.#...##
#........©........#.<###....###


You could see a sky beast, 4 gnolls, an adder, 2 kobolds and a rat.

Vanquished Creatures
  4 adders
  5 dart slugs
  7 bats
  5 endoplasms
  3 giant cockroaches
  8 goblins
  7 hobgoblins
  6 jackals
  4 kobolds
  2 quokkas (D:2)
  3 ball pythons
  4 frilled lizards
  4 rats
62 creatures vanquished.

Vanquished Creatures (collateral kills)
  A hobgoblin (D:3)
  A kobold (D:2)
2 creatures vanquished.

Grand Total: 64 creatures vanquished

Notes
Turn   | Place    | Note
-------+----------+-------------------------------------------
     0 | D:1      | subawu the Vampire Necromancer began the quest for the Orb.
     0 | D:1      | Reached XP level 1. HP: 13/13 MP: 3/3
   185 | D:1      | Reached XP level 2. HP: 19/19 MP: 0/5
   482 | D:1      | Gained mutation: You are afflicted with vampirism and can
                  | become a bat while bloodless. [Vampire growth]
   482 | D:1      | Reached XP level 3. HP: 24/24 MP: 6/6
  1424 | D:2      | Found a shadowy altar of Dithmenos.
  1435 | D:2      | Became a worshipper of Dithmenos the Shadowed
  1737 | D:2      | Reached XP level 4. HP: 30/30 MP: 7/7
  2049 | D:3      | Reached skill level 5 in Necromancy
  2335 | D:3      | Noticed a sky beast
  2368 | D:3      | Found a transporter.
  2371 | D:3      | Noticed soul19's ghost (amateur DsFi)
  2379 | D:3      | Found a transporter.
  2479 | D:3      | Slain by a gnoll

Illustrated notes

Levels and vault maps discovered:
D:1:      moated_graveyard_arrival, layout_rooms, nrook_loot_triangle,
          st_stairs_4
D:2:      layout_basic, basic_altar
D:3:      layout_rooms, nicolae_uskayaw_dance_hall,
          lemuel_coloured_pillars_altar, grunt_temple_overflow_open,
          gammafunk_ghost_arena, shapermc_ecumenical_altar_mp_urbaneastern,
          minmay_increasing_density

Skill      XL: |  1  2  3  4 |
---------------+-------------+-----
Stealth        | 4 |  4.7
Dodging        | 3 |  3.3
Necromancy     | 5 |  5.0
Spellcasting   | |  2.8

Action                     |  1- 3 |  4- 6 || total
---------------------------+-------+-------++-------
  Melee: Whip              |    13 |       ||    13
         Bite              |     8 |     1 ||     9
         Unarmed           |     1 |       ||     1
         Dagger            |    38 |       ||    38
         Spear             |    39 |    30 ||    69
   Cast: Necrotise         |    36 |    13 ||    49
    Use: Scroll            |       |     6 ||     6
 Armour: Robe              |    41 |       ||    41
         Leather armour    |     9 |    29 ||    38
  Dodge: Dodged            |    93 |    51 ||   144

Table legend: (Time is in decaauts)
 A = Elapsed time spent in this place.
 B = Non-inter-level travel time spent in this place.
 C = Inter-level travel time spent in this place.
 D = Time resting spent in this place.
 E = Time spent auto-exploring this place.
 F = Levels seen in this place.
 G = Mean time per level.
                   A        B        C        D        E       F      G
               +--------+--------+--------+--------+--------+-----+--------+
         Total |   2522 |   2009 |    513 |     80 |      0 |   3 |  840.7 |
       Dungeon |   2522 |   2009 |    513 |     80 |      0 |   3 |  840.7 |
               +--------+--------+--------+--------+--------+-----+--------+

Top non-repeatable levels by time:
     D:2: 1148 daAuts
     D:1: 882 daAuts
     D:3: 491 daAuts
